 Dungeon Crawl Stone Soup version 0.27.1-1-g398f81649c (webtiles) character file.

Game seed: 12807662665094299621

1 Descartes the Magician (level 1, 0/12 HPs)
             Began as a Deep Elf Wanderer on Sept 20, 2021.
             Succumbed to a kobold's poison
             ... on level 1 of the Dungeon.
             The game lasted 00:01:01 (54 turns).

Descartes the Magician (Deep Elf Wanderer)            Turns: 54, Time: 00:01:01

Health: 0/12       AC:  2    Str:  6    XL:     1   Next: 16%
Magic:  0/7        EV: 11    Int: 20    God:
Gold:   0          SH:  0    Dex: 13    Spells: 7/8 levels left

rFire    . . .     SeeInvis .   a - +0 spear
rCold    . . .     Faith    .   (no shield)
rNeg     . . .     Spirit   .   d - +0 robe
rPois    .         Reflect  .   (no helmet)
rElec    .         Harm     .   (no cloak)
rCorr    .         Rampage  .   (no gloves)
Will     .....                  (no boots)
Stlth    +.........             (no amulet)
HPRegen  0.04/turn              (no ring)
MPRegen  0.10/turn              (no ring)

@: lethally poisoned (0 -> -5)
A: no striking features
a: no special abilities


You were on level 1 of the Dungeon.
You visited 1 branch of the dungeon, and saw 1 of its levels.

Inventory:

Hand Weapons
 a - a +0 spear (weapon)
 c - a +0 dagger
Missiles
 b - 11 poisoned darts (quivered)
 e - 21 arrows
Armour
 d - a +0 robe (worn)


   Skills:
 - Level 1.5 Fighting
 - Level 2.0 Throwing
 - Level 1.0 Armour
 - Level 4.4 Spellcasting
 + Level 0.4 Conjurations
 - Level 2.1 Translocations


You had 7 spell levels left.
You knew the following spells:

 Your Spells              Type           Power      Damage    Failure   Level
a - Magic Dart            Conj           24%        1d4       11%         1

Your spell library contained the following spells:

 Spells                   Type           Power      Damage    Failure   Level
 Blink                    Tloc           N/A        N/A       8%          2
 Call Imp                 Summ           4%         N/A       19%         2
 Slow                     Hex            4%         N/A       19%         2
 Conjure Flame            Conj/Fire      5%         6-21      32%         3
 Mephitic Cloud           Conj/Pois/Air  5%         N/A       34%         3


Dungeon Overview and Level Annotations

Branches:
Dungeon (1/15)

Altars:


Message History

Press: ? - help, Shift-Dir - straight line, f/p - kobold
Aim: a kobold, wielding a +2 short sword of venom (severely wounded, 100% to hit)
The magic dart hits the kobold but does no damage.
The kobold is severely wounded.
The kobold closely misses you.
Casting: Magic Dart (safe; 12% risk of failure)
Confirm with . or Enter, or press ? or * to list all spells.
Aiming: Magic Dart (safe; 12% risk of failure)
Press: ? - help, Shift-Dir - straight line, f/p - kobold
Aim: a kobold, wielding a +2 short sword of venom (severely wounded, 100% to hit)
The magic dart hits the kobold but does no damage.
The kobold is severely wounded.
The kobold hits you with a +2 short sword of venom!
Ouch! That really hurt!
You are lethally poisoned!
Casting: Magic Dart (safe; 12% risk of failure)
Confirm with . or Enter, or press ? or * to list all spells.
Aiming: Magic Dart (safe; 12% risk of failure)
Press: ? - help, Shift-Dir - straight line, f/p - kobold
Aim: a kobold, wielding a +2 short sword of venom (severely wounded, 100% to hit)
The magic dart hits the kobold.
You kill the kobold!
* * * LOW HITPOINT WARNING * * *
You feel sick.
Casting: Magic Dart (safe; 11% risk of failure)
Confirm with . or Enter, or press ? or * to list all spells.
Aiming: Magic Dart (safe; 11% risk of failure)
Press: ? - help, Shift-Dir - straight line, f - quokka
Aim: a quokka (100% to hit)
The magic dart hits the quokka but does no damage.
* * * LOW HITPOINT WARNING * * *
You feel sick.
You aren't carrying any potions.
Casting: Magic Dart (safe; 11% risk of failure)
Confirm with . or Enter, or press ? or * to list all spells.
Aiming: Magic Dart (safe; 11% risk of failure)
Press: ? - help, Shift-Dir - straight line, f/p - quokka
Aim: a quokka (100% to hit)
The magic dart hits the quokka.
The quokka is severely wounded.
You die...

♣♣P≈..♣.......♣..≈≈♣♣
♣8≈≈^...........^≈≈8♣
♣♣P≈..♣....PP.♣P.≈P♣♣
♣♣♣.P♣♣♣P..♣♣♣PP♣♣♣
♣♣♣♣♣♣♣♣...♣♣♣♣♣♣
♣♣P≈..♣.....P.♣P.
♣8≈≈^...........^
♣♣≈≈..♣♣#...#♣♣P.≈
♣♣♣♣♣♣ #@..# ♣♣ #)..#
.r..# ..#### ... ....
..... ......


You could see a quokka.

Vanquished Creatures
  A kobold (D:1)
1 creature vanquished.

Notes
Turn   | Place    | Note
-------+----------+-------------------------------------------
     0 | D:1      | Descartes the Deep Elf Wanderer began the quest for the
                  | Orb.
     0 | D:1      | Descartes set off with the following items: a +0 spear, 11
                  | poisoned darts, a +0 dagger, a +0 robe; and the following
                  | spell memorised: Magic Dart; and the following spells
                  | available to memorise: Blink, Call Imp, Slow, Conjure
                  | Flame, Mephitic Cloud
     0 | D:1      | Reached XP level 1. HP: 12/12 MP: 7/7
    54 | D:1      | Succumbed to a kobold's poison

Illustrated notes

Levels and vault maps discovered:
D:1:      psy_arrival_wood_between_worlds, layout_basic,
          hellmonk_ecumenical_altar_heavens_door, minmay_tree_intersection,
          minmay_strange_pillars

Action                   || total
-------------------------++-------
Melee: Spear             ||     1
 Cast: Magic Dart        ||     7
Dodge: Dodged            ||     1
